 Dungeon Crawl Stone Soup version 0.28.0 (webtiles) character file.

Game seed: 10901978788669744351

214 PieDemon the Conjurer (level 5, 0/30 HPs)
             Began as a Tengu Enchanter on Feb 5, 2022.
             Succumbed to a scorpion's poison
             ... on level 4 of the Dungeon.
             The game lasted 00:24:13 (3909 turns).

PieDemon the Conjurer (Tengu Enchanter)             Turns: 3909, Time: 00:24:14

Health: 0/30       AC:  4    Str: 10    XL:     5   Next: 92%
Magic:  1/10       EV: 14    Int: 16    God:
Gold:   132        SH:  0    Dex: 14    Spells: 2/9 levels left

rFire   . . .      SeeInvis .   a - +1 dagger
rCold   . . .      Faith    .   (no shield)
rNeg    . . .      Spirit   .   b - +0 robe
rPois   .          Reflect  .   (helmet restricted)
rElec   .          Harm     .   (no cloak)
rCorr   .          Rampage  .   p - +1 pair of gloves
Will    .....                   (boots unavailable)
Stlth   ++........              s - amulet of regeneration
HPRegen 0.90/turn               (no ring)
MPRegen 0.12/turn               (no ring)

@: lethally poisoned (0 -> -4), flying quickly and evasively, very slightly
contaminated, hasted, very quick
A: beak, talons 3, nimble flight
a: no special abilities


You were on level 4 of the Dungeon.
You visited 1 branch of the dungeon, and saw 4 of its levels.

You collected 132 gold pieces.

Inventory:

Hand Weapons
 a - a +1 dagger (weapon)
 f - a +0 hunting sling
Missiles
 e - 52 arrows
 j - a throwing net
 l - 121 stones
 q - 3 poisoned darts
Armour
 b - a +0 robe (worn)
 p - a +1 pair of gloves (worn)
Jewellery
 s - an amulet of regeneration (around neck)
Scrolls
 g - a scroll of enchant armour {unknown}
 h - a scroll of teleportation
 m - a scroll of silence {unknown}
 n - a scroll of fog {unknown}
 o - a scroll of acquirement {unknown}
 r - a scroll of noise {unknown}
Potions
 i - a potion of cancellation {unknown}
 k - a potion of magic {unknown}


   Skills:
 - Level 2.0 Fighting
 - Level 3.2 Short Blades
 - Level 2.1 Dodging
 - Level 3.0 Stealth
 + Level 2.8 Spellcasting
 * Level 4.1 Conjurations
 - Level 2.1 Hexes
 - Level 1.0 Ice Magic


You had 2 spell levels left.
You knew the following spells:

 Your Spells              Type           Power      Damage    Failure   Level
a - Ensorcelled Hibernat  Hex/Ice        14%        N/A       16%         2
b - Confusing Touch       Hex            9%         N/A       24%         3
c - Searing Ray           Conj           30%        2d5       5%          2

Your spell library contained the following spells:

 Spells                   Type           Power      Damage    Failure   Level
 Magic Dart               Conj           60%        1d6       3%          1
 Dazzling Flash           Conj/Hex       24%        N/A       16%         3
 Tukima's Dance           Hex            9%         N/A       24%         3
 Fulminant Prism          Conj/Hex       6%         3d7       45%         4
 Borgnjor's Revivificati  Necr           1%         N/A       100%        8
 Necromutation            Tmut/Necr      1%         N/A       100%        8
 Death's Door             Necr           1%         N/A       100%        9


Dungeon Overview and Level Annotations

Branches:
Dungeon (4/15)
 Temple: D:4-7

Altars:
Wu Jian

Annotations:
D:2 exclusions: 2 downstairs and orc
D:3 exclusions: downstairs and 2 orc priests, Grinder, Sigmund


Innate Abilities, Weirdness & Mutations

You have a beak for a mouth.
You have claws for feet.
Your magical nature lets you fly swiftly and evasively.


Message History

Aim: a scorpion (severely wounded, chance to affect: 40%)
You miscast Ensorcelled Hibernation.
You are very lightly contaminated with residual magic.
Nothing appears to happen.
You feel very sick. The scorpion misses you.
Casting: Ensorcelled Hibernation (safe; 16% risk of failure)
Confirm with . or Enter, or press ? or * to list all spells.
Aiming: Ensorcelled Hibernation (safe; 16% risk of failure)
Press: ? - help, Shift-Dir - straight line, f/p - scorpion
Aim: a scorpion (severely wounded, chance to affect: 40%)
The scorpion resists with some effort.
You feel very sick. The scorpion closely misses you.
You barely miss the scorpion.
The scorpion is severely wounded.
You feel sick. The scorpion stings you.
You aren't carrying any items that you can evoke.
You barely miss the scorpion.
You claw the scorpion, but do no damage.
Your peck misses the scorpion.
The scorpion is severely wounded.
You feel sick. The scorpion stings you.
You hit the scorpion but do no damage.
The scorpion is severely wounded.
You feel sick. The scorpion closely misses you.
You hit the scorpion but do no damage.
The scorpion is severely wounded.
You feel sick. The scorpion stings you!
* * * LOW HITPOINT WARNING * * *
You are lethally poisoned!
The scorpion poisons you!
Okay, then.
It was a potion of flight.
You feel more buoyant.
* * * LOW HITPOINT WARNING * * *
You feel very sick. The scorpion barely misses you.
It was a potion of haste.
You feel yourself speed up.
You die...

.... ..# # ## ...# ...##
.##.##..##...... . #
....#.......... . ...
#..#....#....?......
....#...................
......s.................
#....@......###.......
##..(.......#.#....##.
#.....................
##...../........).....
##.#.............(...
#######.............
###.......#...
###...###... #....##..#


You could see a scorpion.

Vanquished Creatures
  An orc priest (D:3)
  A jelly (D:4)
  An orc wizard (D:2)
  4 gnolls
  An adder (D:3)
  2 worms (D:2)
  A dart slug (D:3)
  2 orcs
  6 endoplasms
  7 goblins
  5 hobgoblins
  15 jackals
  4 kobolds
  A quokka (D:4)
  4 ball pythons
  6 bats
  6 frilled lizards (D:1)
  5 rats
72 creatures vanquished.

Notes
Turn   | Place    | Note
-------+----------+-------------------------------------------
     0 | D:1      | PieDemon the Tengu Enchanter began the quest for the Orb.
     0 | D:1      | Reached XP level 1. HP: 10/10 MP: 4/4
   478 | D:1      | Reached XP level 2. HP: 13/16 MP: 6/6
   571 | D:1      | Reached skill level 1 in Fighting
   604 | D:1      | Learned a level 2 spell: Ensorcelled Hibernation
   801 | D:1      | Reached XP level 3. HP: 13/20 MP: 0/7
  2352 | D:2      | Learned a level 3 spell: Confusing Touch
  2586 | D:3      | Reached XP level 4. HP: 20/25 MP: 8/8
  2678 | D:3      | Learned a level 2 spell: Searing Ray
  2678 | D:3      | Found an ornate altar of the Wu Jian Council.
  2727 | D:3      | Reached skill level 1 in Ice Magic
  2738 | D:3      | Noticed Grinder
  2872 | D:3      | Reached skill level 1 in Conjurations
  2914 | D:3      | Noticed Sigmund
  3291 | D:3      | Reached skill level 2 in Conjurations
  3336 | D:4      | Gained mutation: Your magical nature lets you fly swiftly
                  | and evasively. [Tengu growth]
  3336 | D:4      | Reached XP level 5. HP: 30/30 MP: 3/9
  3348 | D:2      | Reached skill level 3 in Conjurations
  3815 | D:4      | Reached skill level 4 in Conjurations
  3908 | D:4      | HP: 1/30 [poisoned by a scorpion]
  3909 | D:4      | Succumbed to a scorpion's poison

Illustrated notes

Levels and vault maps discovered:
D:1:      onia_arrival_pentagram, layout_basic, minmay_lizard_pond
D:2:      layout_loops_ring
D:3:      layout_rooms, mainiacjoe_overflow_paths, serial_aquarium,
          aquarium_bridge_long_joined [aquarium_subvault_bridge,
          aquarium_subvault_bridge, aquarium_subvault_wall,
          aquarium_subvault_bridge, aquarium_subvault_bridge,
          aquarium_subvault_bridge], aquarium_bridge_straight
          [aquarium_subvault_bridge, aquarium_subvault_window,
          aquarium_subvault_bridge, aquarium_subvault_balcony],
          aquarium_window_fake, aquarium_window_1, aquarium_window_corner,
          aquarium_window_fake, aquarium_view_2a, aquarium_balcony_5b,
          uniq_grinder, uniq_sigmund
D:4:      layout_cave_pools, portal_sewer_entry_e

Skill      XL: |  1  2  3  4  5 |
---------------+----------------+-----
Short Blades   | 2 3 |  3.2
Fighting       | 1 2 |  2.0
Ice Magic      | 1 |  1.0
Conjurations   | 2 4 |  4.1
Dodging        | |  2.1
Stealth        | |  3.0
Spellcasting   | |  2.8
Hexes          | |  2.1

Action                   |  1- 3 |  4- 6 || total
-------------------------+-------+-------++-------
Melee: Dagger            |   110 |    46 ||   156
       Peck              |    15 |     3 ||    18
       Kick              |    18 |     9 ||    27
       Punch             |     1 |       ||     1
 Cast: Ensorcelled Hiber |    12 |    19 ||    31
       Searing Ray       |       |     2 ||     2
  Use: Potion            |     1 |     2 ||     3
       Scroll            |       |     1 ||     1
 Stab: Sleeping          |    12 |    14 ||    26
       Invisible         |     2 |       ||     2
Armor: Robe              |    19 |    11 ||    30
Dodge: Dodged            |    53 |    54 ||   107
